 Dungeon Sprint DCSS version 0.27-a0-538-g15ff5c5295 (webtiles) character file.

Game seed: 11300161820269213421

2618 mhtbhm the Severer (level 9, -6/133 HPs)
             Began as a Minotaur Fighter on Mar 7, 2021.
             Was a High Priest of Trog.
             Mangled by a sun demon (12 damage)
             ... in the Dungeon (Sprint VII: "The Pits").
             The game lasted 00:02:08 (1225 turns).

mhtbhm the Severer (Minotaur Fighter)               Turns: 1225, Time: 00:02:08

Health: -6/133     AC: 18    Str: 24    XL:     9   Next: 34%
Magic:  8/8        EV:  9    Int: 11    God:    Trog [*****.]
Gold:   0          SH: 12    Dex: 10    Spells: 8/8 levels left

rFire    . . .     SeeInvis .   a - +2 war axe "Qeng" {flame, rPois}
rCold    . . .     Faith    .   c - +0 kite shield
rNeg     . . .     Spirit   .   b - +3 chain mail
rPois    +         Reflect  .   (helmet restricted)
rElec    .         Harm     .   r - +0 cloak
rCorr    .         Rampage  .   (no gloves)
Will     .....     NoTele   +   q - +0 pair of boots
Stlth    ..........             (no amulet)
HPRegen  0.32/turn              n - +3 ring of intelligence
MPRegen  0.11/turn              o - +3 ring of intelligence

@: berserking, very quick
A: horns 2, retaliatory headbutt
a: Renounce Religion, Berserk, Trog's Hand, Brothers in Arms


You were in the Dungeon.
You worshipped Trog.
Trog was extremely pleased with you.
You visited 1 branch

Inventory:

Hand Weapons
 a - the +2 war axe "Qeng" (weapon) {flame, rPois}
   (You found it in the Dungeon)

   It has been specially enchanted to burn those struck by it, causing extra
   injury to most foes and up to half again as much damage against particularly
   susceptible opponents.
   Big, fiery blades are also staple armaments of hydra-hunters.
   It protects you from poison.
 s - a +3 sacred scourge of holy wrath
Missiles
 m - a curare-tipped dart (quivered)
Armour
 b - a +3 chain mail (worn)
 c - a +0 kite shield (worn)
 q - a +0 pair of boots (worn)
 r - a +0 cloak (worn)
Jewellery
 n - a +3 ring of intelligence (left hand)
 o - a +3 ring of intelligence (right hand)
Scrolls
 j - a scroll of blinking
 l - a scroll of summoning
Potions
 d - a potion of might
 e - 7 potions of curing
 f - 9 potions of heal wounds
 g - 3 potions of haste
 h - 4 potions of magic
 i - 4 potions of berserk rage
 k - 2 potions of invisibility
 p - a potion of mutation


   Skills:
 + Level 11.6 Fighting
 + Level 15.3 Axes
 + Level 12.1 Armour
 + Level 5.8 Dodging
 + Level 1.7 Stealth
 + Level 10.8 Shields


You had 8 spell levels left.
You didn't know any spells.
Your spell library was empty.

Dungeon Overview and Level Annotations

Branches:
Dungeon (1/1)

Altars:
Ashenzari
Cheibriados
Dithmenos
Elyvilon
Fedhas
Gozag
Hepliaklqana
Kikubaaqudgha
Makhleb
Nemelex Xobeh
Okawaru
Qazlal
Ru
Sif Muna
Trog
Uskayaw
Vehumet
Wu Jian
Xom
Yredelemnul
Zin
The Shining One
Beogh
Jiyva
Lugonu


Innate Abilities, Weirdness & Mutations

You have a pair of horns on your head.
You reflexively headbutt those who attack you in melee.


Message History

You recover from your berserk rage.
You start resting.
You start resting.
HP restored.
Things that are here:
a +3 sacred scourge of holy wrath; a +0 robe
s - a +3 sacred scourge of holy wrath A sun demon comes into view.
The sun demon shouts!
You closely miss the sun demon. You block the sun demon's attack.
You slash the sun demon!
The sun demon is lightly wounded.
The sun demon hits you!
You are engulfed in flames!
You hit the sun demon. Your headbutt misses the sun demon.
The sun demon is moderately wounded.
You block the sun demon's attack.
You closely miss the sun demon.
The sun demon is moderately wounded.
The sun demon hits you!
You are engulfed in flames!
You hit the sun demon.
The sun demon is moderately wounded.
You block the sun demon's attack.
You barely miss the sun demon.
The sun demon is moderately wounded.
The sun demon hits you but does no damage.
A red film seems to cover your vision as you go berserk!
You feel yourself moving faster!
You feel mighty! The sun demon barely misses you.
You slice the sun demon!!
The sun demon is heavily wounded.
The sun demon hits you!
* * * LOW HITPOINT WARNING * * *
You are engulfed in flames!
* * * LOW HITPOINT WARNING * * *
You completely miss the sun demon. You headbutt the sun demon.
The sun demon is heavily wounded.
The sun demon hits you!
* * * LOW HITPOINT WARNING * * *
You are engulfed in flames!
You die...

########################
........................
...[............@3......
#############++#########


You could see a sun demon.

Vanquished Creatures
  An angel (D)
  An acid dragon (D)
  A small abomination (D)
  A sky beast (D)
  An ogre (D)
  A kobold brigand (D)
  5 killer bees (D)
  An iron imp (D)
  2 orc wizards (D)
  2 mummies (D)
  A gnoll (D)
  3 river rats (D)
  An adder (D)
  A white imp (D)
  An ufetubus (D)
  An ooze (D)
  An adder skeleton (D)
  2 orcs (D)
  A giant cockroach (D)
  A goblin (D)
  A hobgoblin (D)
  A quokka (D)
  2 frilled lizards (D)
  A leopard gecko skeleton (D)
34 creatures vanquished.

Vanquished Creatures (collateral kills)
  A merfolk avatar (D)
  A death yak (D)
  A tyrant leech (D)
3 creatures vanquished.

Grand Total: 37 creatures vanquished

Notes
Turn   | Place    | Note
-------+----------+-------------------------------------------
     0 | D        | mhtbhm the Minotaur Fighter began the quest for the Orb.
     0 | D        | Reached XP level 1. HP: 19/19 MP: 0/0
    17 | D        | Found a bloodstained altar of Trog.
    17 | D        | Found a shimmering blue altar of Sif Muna.
    17 | D        | Found a viscous altar of Jiyva.
    17 | D        | Found a hazy altar of Hepliaklqana.
    17 | D        | Found an opulent altar of Gozag.
    18 | D        | Found a glowing golden altar of the Shining One.
    18 | D        | Found a glowing silver altar of Zin.
    18 | D        | Found a basalt altar of Yredelemnul.
    18 | D        | Found a shimmering altar of Xom.
    18 | D        | Found an ornate altar of the Wu Jian Council.
    18 | D        | Found a sacrificial altar of Ru.
    18 | D        | Found a stormy altar of Qazlal.
    18 | D        | Found an iron altar of Okawaru.
    18 | D        | Found a sparkling altar of Nemelex Xobeh.
    18 | D        | Found a burning altar of Makhleb.
    18 | D        | Found a blossoming altar of Fedhas.
    18 | D        | Found a white marble altar of Elyvilon.
    18 | D        | Found a shadowy altar of Dithmenos.
    18 | D        | Found a snail-covered altar of Cheibriados.
    20 | D        | Found a radiant altar of Vehumet.
    20 | D        | Found a corrupted altar of Lugonu.
    22 | D        | Became a worshipper of Trog the Wrathful
   152 | D        | Reached * piety under Trog
   161 | D        | Reached skill level 3 in Axes
   161 | D        | Reached XP level 2. HP: 21/28 MP: 1/1
   244 | D        | Reached ** piety under Trog
   245 | D        | Reached skill level 5 in Fighting
   245 | D        | Reached skill level 5 in Armour
   245 | D        | Reached skill level 1 in Dodging
   245 | D        | Reached skill level 5 in Shields
   245 | D        | Reached XP level 3. HP: 36/36 MP: 2/2
   330 | D        | Noticed a sky beast
   346 | D        | Killed a sky beast
   346 | D        | Reached *** piety under Trog
   347 | D        | Reached skill level 6 in Axes
   347 | D        | Reached XP level 4. HP: 27/45 MP: 3/3
   347 | D        | Reached XP level 5. HP: 31/51 MP: 4/4
   523 | D        | Reached **** piety under Trog
   598 | D        | Reached skill level 7 in Axes
   599 | D        | Reached ***** piety under Trog
   604 | D        | Reached skill level 8 in Axes
   604 | D        | Reached XP level 6. HP: 61/61 MP: 5/5
   613 | D        | Received a gift from Trog
   617 | D        | Reached skill level 9 in Axes
   635 | D        | Got the +2 war axe "Qeng" {flame, rPois}
   775 | D        | Found a hide-covered altar of Uskayaw.
   775 | D        | Found an ancient bone altar of Kikubaaqudgha.
   775 | D        | Found a broken altar of Ashenzari.
   802 | D        | Noticed a small abomination
   805 | D        | Reached skill level 10 in Axes
   805 | D        | Reached skill level 1 in Stealth
   807 | D        | Reached XP level 7. HP: 61/69 MP: 6/6
   812 | D        | Received a gift from Trog
   813 | D        | Reached skill level 11 in Axes
   813 | D        | Reached skill level 5 in Dodging
   928 | D        | Noticed a death yak
   928 | D        | Noticed a merfolk avatar
   928 | D        | Noticed a tyrant leech
   940 | D        | Killed a death yak
   941 | D        | Reached skill level 10 in Fighting
   941 | D        | Reached skill level 12 in Axes
   941 | D        | Reached skill level 10 in Armour
   941 | D        | Reached XP level 8. HP: 64/79 MP: 7/7
   941 | D        | Killed a tyrant leech
   942 | D        | Reached skill level 13 in Axes
   943 | D        | Killed a merfolk avatar
   944 | D        | Reached skill level 10 in Shields
   954 | D        | Noticed an angel
   957 | D        | Reached skill level 14 in Axes
   966 | D        | Killed an angel
   967 | D        | Reached skill level 15 in Axes
   967 | D        | Reached XP level 9. HP: 44/89 MP: 8/8
  1214 | D        | Noticed a sun demon
  1225 | D        | HP: 6/133 [sun demon (12)]
  1225 | D        | Mangled by a sun demon

Illustrated notes

Levels and vault maps discovered:
D:        pitsprint [storerooms_1, entrance_room_1, metal_vault_3, armoury_3,
          mini_pit_1, grid_room_1, main_hall_1, silver_pit, the_coven_1,
          the_vestibule_1, steel_vault_2, golden_pit, hallway_of_sentries,
          crystal_vault_1, iron_vault_4, final_vault]

Skill      XL: |  1  2  3  4  5  6  7  8 |
---------------+-------------------------+-----
Fighting       | 4 5 6 7 8 10 11 | 11.6
Armour         | 4 5 6 7 8 10 12 | 12.1
Shields        | 4 5 7 8 9 10 | 10.8
Axes           | 3 6 8 10 12 15 | 15.3
Dodging        | 1 3 4 5 |  5.8
Stealth        | 1 |  1.7

Action                   |  1- 3 |  4- 6 |  7- 9 || total
-------------------------+-------+-------+-------++-------
Melee: Hand axe          |    34 |    28 |       ||    62
       Headbutt          |     4 |     4 |     3 ||    11
       War axe           |     1 |     3 |    39 ||    43
Invok: Berserk           |     2 |     1 |     2 ||     5
       Brothers in Arms  |       |       |     1 ||     1
  Use: Potion            |       |       |     1 ||     1
Armor: Scale mail        |     3 |       |       ||     3
       Chain mail        |     7 |    18 |    20 ||    45
Dodge: Dodged            |     7 |     7 |    11 ||    25
Block: Kite shield       |    21 |    18 |    27 ||    66

Table legend: (Time is in decaauts)
 A = Elapsed time spent in this place.
 B = Non-inter-level travel time spent in this place.
 C = Inter-level travel time spent in this place.
 D = Time resting spent in this place.
 E = Time spent auto-exploring this place.
 F = Levels seen in this place.
 G = Mean time per level.
                   A        B        C        D        E       F      G
               +--------+--------+--------+--------+--------+-----+--------+
         Total |   1279 |   1279 |      0 |    737 |     94 |   1 | 1279.0 |
       Dungeon |   1279 |   1279 |      0 |    737 |     94 |   1 | 1279.0 |
               +--------+--------+--------+--------+--------+-----+--------+

Top non-repeatable levels by time:
       D: 1279 daAuts
